 Dungeon Crawl Stone Soup version 0.30-a0-1053-gbd8d5ba0ad (webtiles) character file.

Game seed: 2517063565786416913

21 BlueFish the Grasshopper (level 2, 0/19 HPs)
             Began as an Octopode Warper on Apr 11, 2023.
             Slain by a goblin
             ... wielding a +0 dagger
             ... led by Robin
              (6 damage)
             ... on level 2 of the Dungeon.
             The game lasted 00:01:24 (697 turns).

BlueFish the Grasshopper (Octopode Warper)           Turns: 697, Time: 00:01:25

Health: 0/19       AC:  1    Str: 10    XL:     2   Next: 87%
Magic:  5/5        EV: 13    Int: 15    God:
Gold:   67         SH:  0    Dex: 11    Spells: 1/5 levels left

rFire   . . .      SeeInvis .      - Unarmed
rCold   . . .      Faith    .    (no shield)
rNeg    . . .      Spirit   .    (helmet restricted)
rPois   .          Reflect  .    (no amulet)
rElec   .          Rampage  .    (no ring)
rCorr   .                        (no ring)
Will    .....                    (no ring)
Stlth   +++                      (no ring)
HPRegen 0.23/turn                (no ring)
MPRegen 0.09/turn                (no ring)
                                 (no ring)
                                 (no ring)

@: no status effects
A: almost no armour, amphibious, 8 rings, camouflage 1, gelatinous body 1,
(nimble swimmer 1), tentacles
a: no special abilities


You were on level 2 of the Dungeon.
You visited 1 branch of the dungeon, and saw 2 of its levels.

You collected 67 gold pieces.

Inventory:

Missiles
 b - 7 boomerangs of dispersal (quivered)
 c - 2 poisoned darts
 k - 18 stones
 l - 2 javelins
Scrolls
 a - a scroll of blinking
 e - a scroll of vulnerability {unknown}
 g - a scroll of fear {unknown}
 h - a scroll of noise {unknown}
 i - 2 scrolls of teleportation {unknown}
Potions
 f - 2 potions of curing {unknown}
 j - a potion of flight {unknown}


   Skills:
 + Level 2.1 Fighting
 + Level 1.2 Throwing
 + Level 2.5 Dodging
 * Level 1.8 Stealth
 + Level 2.1 Unarmed Combat
 + Level 2.2 Spellcasting
 + Level 3.1 Translocations


You had one spell level left.
You knew the following spells:

 Your Spells              Type           Power      Damage    Failure   Level
a - Blink                 Tloc           20%        N/A       10%         2
b - Lesser Beckoning      Tloc           20%        N/A       10%         2

Your spell library contained the following spells:

 Spells                   Type           Power      Damage    Failure   Level
 Teleport Other           Tloc           10%        N/A       19%         3
 Vhi's Electric Charge    Tloc/Air       12%        N/A       34%         3
 Manifold Assault         Tloc           10%        N/A       52%         4


Dungeon Overview and Level Annotations

Branches:
Dungeon (2/15)

Altars:
Fedhas

Annotations:
D:2 Robin


Innate Abilities, Weirdness & Mutations

You cannot wear most types of armour.
You are amphibious.
You can wear up to eight rings at the same time.
Your skin changes colour to match your surroundings (Stealth+).
Your rubbery body absorbs attacks. (AC +1, EV +1)
((You are camouflaged when in or above water. (Stealth+)))
You have tentacles for arms and can constrict up to eight enemies at once.


Message History

Your squeeze misses the bat.
The bat is heavily wounded.
The bat barely misses you. The bat closely misses you.
You closely miss the bat. You grab the bat.
The bat is heavily wounded.
You constrict the bat. The bat completely misses you.
The bat struggles to escape constriction.
The bat escapes!
The bat hits you but does no damage.
You tentacle-slap the bat.
You kill the bat!
i - 2 scrolls labelled NAYPIAZX OTOR (gained 1)
k - 18 stones (gained 5) Robin, 7 goblins and 3 hobgoblins come into view.
The goblin shouts! x2; Robin shouts!
The goblin shouts! x2
The hobgoblin shouts!
Robin roars a battlecry!
The goblins go into a battle-frenzy!
The hobgoblin closely misses you.
The goblin moves out of view.
The hobgoblin shouts! x2; The goblin shouts!
The goblin shouts!
You barely miss the hobgoblin. You grab the hobgoblin.
You constrict the hobgoblin, but do no damage.
The goblin closely misses you. Robin throws the goblin at you!
The hobgoblin closely misses you.
You tentacle-slap the hobgoblin. You squeeze the hobgoblin.
You kill the hobgoblin!
The goblin hits you with a +0 club. The goblin closely misses you.
You closely miss the goblin. You grab the goblin.
You tentacle-slap the goblin, but do no damage.
You constrict the goblin. The goblin hits you with a +0 club. x2
The goblin closely misses you. Robin throws the goblin at you!
As you read the scroll labelled ONWISEUM BAKE, it crumbles to dust.
Your body is wracked with pain!
The goblin convulses! x2
The hobgoblin convulses!
The goblin convulses!
Robin convulses!
It was a scroll of torment.
You constrict the goblin. The goblin barely misses you.
The goblin closely misses you. The goblin barely misses you.
The goblin hits you with a +0 dagger.
You die...

#...........#
##.....##.....
#...........#
#.....##.....
#.........###
##.#####.._..
#.........# #.#
#..†..
#.........## #+#
#.....
#..........#
##.##.
#.........#.##
#.##.
####.#######g#
#.##. ##.##
##@#.......
##.#.>
#..###ggggg.....
+.....
#...#.###g......
##.... #.#..##
#...... ####.
#.#### #..... ##
#.# #...# #.#
#+## #.# #.#


You could see Robin, a hobgoblin (strong) and 5 goblins.

Vanquished Creatures
  2 dart slugs
  2 ball pythons
  A bat (D:2)
  2 giant cockroaches
  2 goblins (D:1)
  2 hobgoblins
  A kobold (D:1)
  3 frilled lizards
  A rat (D:1)
16 creatures vanquished.

Notes
Turn   | Place    | Note
-------+----------+-------------------------------------------
     0 | D:1      | BlueFish the Octopode Warper began the quest for the Orb.
     0 | D:1      | Reached XP level 1. HP: 14/14 MP: 3/3
   158 | D:1      | Reached skill level 1 in Stealth
   162 | D:1      | Reached XP level 2. HP: 14/19 MP: 5/5
   165 | D:1      | Learned a level 2 spell: Blink
   168 | D:1      | Learned a level 2 spell: Lesser Beckoning
   597 | D:2      | Found a blossoming altar of Fedhas.
   692 | D:2      | Noticed Robin
   697 | D:2      | Slain by a goblin

Illustrated notes

Levels and vault maps discovered:
D:1:      scummos_arrival_star, layout_basic, chequers_serial_rivers_micro_c
D:2:      layout_loops_corners, basic_altar,
          wander_ebering_terrifying_dragon_lair, uniq_robin

Skill      XL: |  1 |
---------------+----+-----
Stealth        | 1 |  1.8
Fighting       | |  2.1
Throwing       | |  1.2
Dodging        | |  2.5
Unarmed Combat | |  2.1
Spellcasting   | |  2.2
Translocations | |  3.1

Action                     || total
---------------------------++-------
  Melee: Unarmed           ||    33
         Constrict         ||    14
         Tentacles         ||     7
         Punch             ||     1
    Use: Scroll            ||     1
   Stab: Sleeping          ||     3
 Armour: Skin              ||     4
  Dodge: Dodged            ||    26

Table legend: (Time is in decaauts)
 A = Elapsed time spent in this place.
 B = Non-inter-level travel time spent in this place.
 C = Inter-level travel time spent in this place.
 D = Time resting spent in this place.
 E = Time spent auto-exploring this place.
 F = Levels seen in this place.
 G = Mean time per level.
                   A        B        C        D        E       F      G
               +--------+--------+--------+--------+--------+-----+--------+
         Total |    695 |    652 |     43 |      0 |    517 |   2 |  347.5 |
       Dungeon |    695 |    652 |     43 |      0 |    517 |   2 |  347.5 |
               +--------+--------+--------+--------+--------+-----+--------+

Top non-repeatable levels by time:
     D:1: 545 daAuts
     D:2: 150 daAuts
